 Dungeon Crawl Stone Soup version 0.21-a0-521-g1cd18d1 (webtiles) character file.

13 tof the Sneak (level 2, 0/19 HPs)
             Began as an Octopode Assassin on Dec 5, 2017.
             Succumbed to an adder's poison
             ... on level 2 of the Dungeon.
             The game lasted 00:00:26 (129 turns).

tof the Sneak (Octopode Assassin)                    Turns: 129, Time: 00:00:27

Health: 0/19       AC:  1    Str: 10    XL:     2   Next: 37%
Magic:  2/2        EV: 13    Int: 13    God:
Gold:   0          SH:  0    Dex: 13    Spells: 1/1 levels left

rFire    . . .     SeeInvis .   a - +2 dagger
rCold    . . .     Gourm    .   (no shield)
rNeg     . . .     Faith    .   (helmet restricted)
rPois    .         Spirit   .   (no amulet)
rElec    .         Reflect  .   (no ring)
rCorr    .         Harm     .   (no ring)
MR       .....                  (no ring)
Stlth    ++++......             (no ring)
HPRegen  0.06/turn              (no ring)
MPRegen  0.08/turn              (no ring)
                                (no ring)
                                (no ring)

@: lethally poisoned (0 -> -6)
A: almost no armour, stealthy swim, amphibious, 8 rings, constrict 8, camouflage
1, gelatinous body 1
a: no special abilities


You were on level 2 of the Dungeon.
You were not hungry.

You visited 1 branch of the dungeon, and saw 2 of its levels.

Inventory:

Hand Weapons
 a - a +2 dagger (weapon)
 b - a +0 blowgun
Missiles
 c - 8 poisoned needles
 d - 2 curare-tipped needles
Potions
 e - a potion of heal wounds {unknown}
Comestibles
 f - a bread ration


   Skills:
 + Level 2.1 Fighting
 * Level 2.3 Short Blades
 - Level 2.0 Throwing
 + Level 1.2 Dodging
 * Level 5.6 Stealth


You had one spell level left.
You didn't know any spells.

Dungeon Overview and Level Annotations

Branches:
Dungeon (2/15)

Altars:


Innate Abilities, Weirdness & Mutations

You cannot wear most types of armour.
You are very stealthy in the water. (Stealth+)
You are amphibious.
You can wear up to eight rings at the same time.
You can use your tentacles to constrict eight enemies at once.
Your skin changes colour to match your surroundings (Stealth+).
Your rubbery body absorbs attacks. (AC +1, EV +1)


Message History

You closely miss the adder. Your grab misses the adder.
You squeeze the adder, but do no damage.
The adder is severely wounded.
* * * LOW HITPOINT WARNING * * *
You feel sick. The adder bites you.
* * * LOW HITPOINT WARNING * * *
The adder barely misses you.
You hit the adder.
You kill the adder!
You have reached level 2!
You closely miss the jackal. Your grab misses the jackal.
* * * LOW HITPOINT WARNING * * *
You feel sick. The jackal barely misses you. The jackal completely misses you.
You hit the jackal. Your grab misses the jackal.
The jackal is almost dead.
The jackal completely misses you.
You hit the jackal.
You kill the jackal!
You completely miss the kobold. Your grab misses the kobold.
You die...

...............
.........<.....
........$....#
#............#
#...?........#
#.......%....# #
#......<..$..# ..#
#....#.#.#.#######.....
##. #.#....h.K@.......
#.##.##.###.......
.$........ .......
.....###.....?....
....S... ........?.
........ ..........
..#.##### .#........
#.#. ..........


You could see a jackal and a kobold.

Vanquished Creatures
  An adder (D:2)
  A giant cockroach (D:1)
  A jackal (D:2)
  2 rats (D:1)
5 creatures vanquished.

Notes
Turn   | Place    | Note
-------+----------+-------------------------------------------
     0 | D:1      | tof the Octopode Assassin began the quest for the Orb.
     0 | D:1      | Reached XP level 1. HP: 14/14 MP: 1/1
   125 | D:2      | Reached XP level 2. HP: 2/19 MP: 2/2
   129 | D:2      | Succumbed to an adder's poison

Vault maps used:
D:1:      dpeg_arrival_prison
D:2:      serial_curves, eino_curves_03, eino_curves_04, eino_curves_02,
          eino_curves_04, uniq_jessica

Action                   || total
-------------------------++-------
Melee: Dagger            ||    13
       Tentacles         ||     2
 Stab: Sleeping          ||     3
Armor: Skin              ||     1
Dodge: Dodged            ||    27

Table legend:
 A = Spawn XP
 B = Non-spawn XP
 C = Spawn XP percentage of total XP
 D = Spawn monster count
 E = Non-spawn monster count
 F = Spawn count percentage of total count
 G = Total turns spent on level
                    A         B        C        D         E        F      G
               +---------+---------+-------+---------+---------+-------+---------
         Total |       0 |      19 |   0.0 |       0 |       5 |   0.0 |   129
               +---------+---------+-------+---------+---------+-------+---------
           D:1 |       0 |       4 |   0.0 |       0 |       3 |   0.0 |   113
           D:2 |       0 |      15 |   0.0 |       0 |       2 |   0.0 |    16
               +---------+---------+-------+---------+---------+-------+---------
